[Event "Titled Tuesday Blitz December 13 Early 2022"]
[White "Manelyuk, Daniil"]
[Black "Pichot, Alan"]
[WhiteFideId "44173920"]
[BlackFideId "110973"]
[WhiteElo "2210"]
[BlackElo "2561"]
[Result "0-1"]
[Round "02"]
[TimeControl "180+1"]
[Date "2022.12.13"]
[WhiteClock "0:00:13"]
[BlackClock "0:00:14"]

1. e4 c5 2. Nf3 e6 3. c4 Nc6 4. Nc3 Nf6 5. Be2 d5 6. exd5 exd5 7. d4 cxd4 8. Nxd4 Be7 9. Bg5 O-O 10. O-O h6 11. Bxf6 Bxf6 12. Nxc6 bxc6 13. cxd5 Qb6 14. Na4 Qa5 15. dxc6 Rd8 16. Qb3 Be6 17. Qb5 Qc7 18. Qa6 Rd5 19. Rac1 Rb8 20. Nc5 Bc8 21. Qa4 Rxb2 22. Bf3 Rd4 23. Qa3 Rb5 24. Na6 Qb6 25. c7 Ra5 26. Qe3 Qxa6 27. Qe8+ Kh7 28. Be4+ Rxe4 29. Qxe4+ g6 30. Qe8 Kg7 31. Rc6 Qb5 32. Qxc8 Qxc6 33. Qb8 Rc5 34. Qxa7 Qxc7 35. Qa3 Ra5 36. Qf3 Rxa2 37. h3 Ra1 38. Rxa1 Bxa1 39. Qe4 Be5 40. g3 Qc1+ 41. Kg2 Qc5 42. Qe2 Qd5+ 43. f3 g5 44. h4 gxh4 45. gxh4 Bf4 46. Qb2+ Qe5 47. Qc2 Qf6 48. Kh3 Qe6+ 49. Kg2 Qg6+ 50. Qxg6+ Kxg6 51. Kh3 Kh5 52. Kg2 Kxh4 53. Kf2 Kh3 54. Kg1 Kg3 55. Kh1 Kxf3 56. Kg1 Kg3 57. Kh1 h5 58. Kg1 h4 59. Kh1 Be5 60. Kg1 f5 61. Kh1 h3 62. Kg1 f4 63. Kh1 f3 64. Kg1 f2+ 65. Kh1 f1=Q# 0-1


[Site "https://www.chess.com"]

[Event "Titled Tuesday Blitz December 13 Early 2022"]
[White "Manukyan, Sargis A."]
[Black "Donchenko, Alexander"]
[WhiteFideId "13303970"]
[BlackFideId "24603295"]
[WhiteElo "2187"]
[BlackElo "2581"]
[Result "0-1"]
[Round "02"]
[TimeControl "180+1"]
[Date "2022.12.14"]
[WhiteClock "0:00:04"]
[BlackClock "0:01:24"]

1. Nf3 Nf6 2. d4 d5 3. c4 e6 4. g3 Bb4+ 5. Bd2 Bd6 6. Bg2 O-O 7. O-O Nbd7 8. Qc2 c6 9. Bg5 h6 10. Bxf6 Nxf6 11. Nbd2 b6 12. e4 Be7 13. Rad1 Bb7 14. Rfe1 Rc8 15. e5 Nd7 16. Qa4 Qc7 17. cxd5 cxd5 18. Nb3 Qc6 19. Qxc6 Bxc6 20. Bf1 Nb8 21. Rc1 Rfd8 22. Rc2 Kf8 23. Rec1 a5 24. a3 Bd7 25. Rxc8 Rxc8 26. Rxc8+ Bxc8 27. Bb5 f6 28. h4 Bb7 29. Kf1 Nc6 30. Ke2 Na7 31. Bd3 Bc6 32. Kd2 Ba4 33. Nc1 Kf7 34. h5 Bd8 35. Kc3 Bc7 36. Ne2 Ke7 37. Nf4 Bd1 38. Be2 Ba4 39. b3 Be8 40. a4 Nc6 41. Bb5 fxe5 42. dxe5 Nxe5 43. Ng6+ Bxg6 44. hxg6 Nxf3 45. Be2 Ne5 46. f4 Nxg6 47. Bd3 Nf8 48. Kd4 Bd6 49. g4 Nd7 50. g5 Bxf4 51. g6 Kd6 0-1


[Site "https://www.chess.com"]

[Event "Titled Tuesday Blitz December 13 Early 2022"]
[White "Martinez Ramirez, Lennis"]
[Black "Ansh M Shah"]
[WhiteFideId "3509079"]
[BlackFideId "25033379"]
[WhiteElo "2439"]
[BlackElo "2084"]
[Result "1-0"]
[Round "02"]
[TimeControl "180+1"]
[Date "2022.12.14"]
[WhiteClock "0:02:28"]
[BlackClock "0:02:38"]

1. c4 Nf6 2. Nc3 c5 3. g3 Nc6 4. Bg2 g6 5. Nf3 Bg7 6. d4 cxd4 7. Nxd4 O-O 8. e3 e5 9. Ndb5 a6 10. Nd6 Qe7 11. c5 Ne8 12. Nd5 Qe6 13. Nxe8 Qxe8 14. Nc7 Qd8 15. Nxa8 Qa5+ 16. b4 Qxc5 17. bxc5 1-0


[Site "https://www.chess.com"]

[Event "Titled Tuesday Blitz December 13 Early 2022"]
[White "Matinian, Nikita"]
[Black "Alice, Mateus Felizardo Viageiro"]
[WhiteFideId "24129100"]
[BlackFideId "14800047"]
[WhiteElo "2422"]
[BlackElo "2189"]
[Result "1-0"]
[Round "02"]
[TimeControl "180+1"]
[Date "2022.12.14"]
[WhiteClock "0:00:41"]
[BlackClock "0:00:11"]

1. e4 c5 2. Nf3 d6 3. d4 cxd4 4. Nxd4 Nf6 5. Nc3 a6 6. Bg5 e6 7. Qf3 Nbd7 8. O-O-O Qc7 9. h4 Be7 10. Be2 h6 11. Be3 Rb8 12. Qg3 Ne5 13. Qxg7 Ng6 14. h5 Rh7 15. Qxh7 Nxh7 16. hxg6 fxg6 17. Rxh6 Nf8 18. a4 Bd7 19. f4 Rc8 20. f5 exf5 21. exf5 Bxf5 22. Nxf5 gxf5 23. Bd3 Qd8 24. Re1 Kf7 25. Bxf5 Bg5 26. Bxc8 Bxh6 27. Bxh6 Qxc8 28. Rf1+ Kg6 29. Bxf8 Qc6 30. Rf3 b5 31. axb5 axb5 32. Rg3+ Kf7 33. Bh6 b4 34. Nd1 Qa4 35. Be3 d5 36. Rf3+ Ke6 37. Rf4 Qa1+ 38. Kd2 Qa4 39. b3 Qb5 40. Bd4 Qb8 41. g3 Qg8 42. Bf2 Qg5 43. Nb2 Qe5 44. Nd3 Qc3+ 45. Kd1 Qa1+ 46. Ke2 Qc3 47. Nxb4 Ke5 48. Bd4+ 1-0


[Site "https://www.chess.com"]

[Event "Titled Tuesday Blitz December 13 Early 2022"]
[White "Matveeva, Olga"]
[Black "Pajeken, Jakob Leon"]
[WhiteFideId "24107018"]
[BlackFideId "12942839"]
[WhiteElo "2056"]
[BlackElo "2414"]
[Result "1-0"]
[Round "02"]
[TimeControl "180+1"]
[Date "2022.12.14"]
[WhiteClock "0:00:12"]
[BlackClock "0:00:49"]

1. d4 d5 2. c4 dxc4 3. Nf3 Nf6 4. e3 e6 5. Bxc4 c5 6. O-O Nc6 7. Qe2 a6 8. a4 Be7 9. Rd1 Qc7 10. dxc5 O-O 11. b3 Bxc5 12. Bb2 b6 13. Nbd2 Bb7 14. Rac1 Rfd8 15. Ng5 Na5 16. Nxe6 Qc6 17. e4 fxe6 18. Bxf6 gxf6 19. Qg4+ Kh8 20. Bxe6 Rxd2 21. Rxd2 Qxe4 22. Qxe4 Bxe4 23. b4 Re8 24. bxc5 Rxe6 25. cxb6 Rxb6 26. Rd7 Nc6 27. f3 Bf5 28. Rd6 Nd4 29. Rxb6 Ne2+ 30. Kf2 Nxc1 31. Rxa6 Nb3 32. Rxf6 Bd3 33. Rf7 Bc2 34. Ke3 Na5 35. Rc7 Bxa4 36. Ra7 Nc4+ 37. Kd4 Nb6 38. Kc5 Nd7+ 39. Kd6 Bb5 40. Rxd7 1-0


[Site "https://www.chess.com"]

[Event "Titled Tuesday Blitz December 13 Early 2022"]
[White "Mestnikov, Aisen"]
[Black "Hernandez Gonzalez, William"]
[WhiteFideId "34130117"]
[BlackFideId "3509915"]
[WhiteElo "2027"]
[BlackElo "2374"]
[Result "1-0"]
[Round "02"]
[TimeControl "180+1"]
[Date "2022.12.14"]
[WhiteClock "0:00:21"]
[BlackClock "0:00:20"]

1. d4 Nf6 2. c4 e6 3. Nf3 Bb4+ 4. Bd2 a5 5. g3 d5 6. Bg2 O-O 7. O-O dxc4 8. Qc2 b5 9. a4 c6 10. axb5 Bxd2 11. Nfxd2 Qxd4 12. Nxc4 Nd5 13. bxc6 Nxc6 14. Nd6 Ncb4 15. Qd2 Qxd2 16. Nxd2 Ba6 17. Bf3 Rfd8 18. N6c4 Nc6 19. Nxa5 Nd4 20. Nac4 Bxc4 21. Nxc4 Rab8 22. Rfd1 Nxf3+ 23. exf3 g6 24. Rab1 Rb3 25. Nd2 Rb4 26. Ne4 Rdb8 27. Rd2 Kg7 28. Rc2 R8b6 29. h4 h6 30. Rd2 R4b5 31. Rc2 Kg8 32. h5 g5 33. Kg2 Kg7 34. Nd2 Kf6 35. b3 Ke7 36. Rbc1 Rb7 37. Rc8 Kf6 38. Rh8 Kg7 39. Rcc8 Ne7 40. Rce8 Rd7 41. Ne4 Rxb3 42. Nc5 Rbb7 43. Nxb7 Rxb7 44. Rb8 Rc7 45. Rhe8 Nf5 46. Rec8 Ra7 47. Rc2 Kf6 48. Rbc8 Ng7 49. R8c7 Rxc7 50. Rxc7 Nxh5 51. Kh3 Kg6 52. Rb7 Nf6 53. Rb6 Nd7 54. Rd6 Ne5 55. Kg2 Nc4 56. Rc6 Ne5 57. Rc5 Kf6 58. Rc3 h5 59. Kh3 Kf5 60. Rc5 Kf6 61. Rc3 Kg6 62. g4 h4 63. f4 Nd7 64. fxg5 Kxg5 65. Rc7 Ne5 66. Rc5 f6 67. Ra5 Kf4 68. Kxh4 Kf3 69. Rxe5 fxe5 70. g5 Kxf2 71. g6 e4 72. g7 e3 73. g8=Q e2 74. Qg3+ Kf1 75. Qf3+ Ke1 76. Kg3 Kd2 77. Qf4+ Kd1 78. Qd4+ Kc2 79. Qe4+ Kd2 80. Qd4+ Kc2 81. Qe3 Kd1 82. Kf2 1-0


[Site "https://www.chess.com"]

[Event "Titled Tuesday Blitz December 13 Early 2022"]
[White "Migot, Tangi"]
[Black "Kamsky, Gata"]
[WhiteFideId "662445"]
[BlackFideId "2000024"]
[WhiteElo "2587"]
[BlackElo "2666"]
[Result "0-1"]
[Round "02"]
[TimeControl "180+1"]
[Date "2022.12.13"]
[WhiteClock "0:00:10"]
[BlackClock "0:00:09"]

1. e4 g6 2. d4 Bg7 3. Nc3 d6 4. Be3 a6 5. a4 b6 6. h4 h5 7. Bc4 e6 8. Nf3 Bb7 9. d5 e5 10. Qd3 Nh6 11. Ng5 Ng4 12. Bd2 Nd7 13. f3 Ngf6 14. Qe2 Nh7 15. b4 Nxg5 16. hxg5 f6 17. gxf6 Bxf6 18. O-O-O a5 19. Bb5 axb4 20. Na2 Kf7 21. Nxb4 Nc5 22. Nc6 Bxc6 23. dxc6 Bg5 24. f4 Bxf4 25. Bxf4 exf4 26. e5 d5 27. e6+ Nxe6 28. Qe5 Qf6 29. Rxd5 Qxe5 30. Rxe5 Kf6 31. Rhe1 Rhe8 32. R1e4 g5 33. Be2 Ng7 34. Rxe8 Rxe8 35. Rxe8 Nxe8 36. Bxh5 Nd6 37. Kd2 Ke5 38. Kd3 Kd5 39. Bf3+ Kc5 40. Kc3 Nc4 41. Kd3 g4 42. Be2 f3 43. gxf3 g3 44. Bf1 Nb2+ 45. Kc3 Nxa4+ 46. Kd2 Kxc6 47. f4 Kd5 48. Bg2+ Kd4 49. Ke2 Nc5 50. Kf3 Kc3 51. f5 Nd7 52. Kxg3 Kxc2 53. Kf4 Kd3 54. Bc6 Nf8 55. Ke5 Nh7 56. Be8 c5 57. Bg6 Nf8 58. Bf7 c4 59. f6 c3 60. Bb3 Nd7+ 61. Ke6 Nxf6 62. Kxf6 c2 63. Bxc2+ Kxc2 64. Ke5 b5 65. Kd4 b4 66. Kc4 b3 0-1


[Site "https://www.chess.com"]

[Event "Titled Tuesday Blitz December 13 Early 2022"]
[White "Mihailidis, Anastasios"]
[Black "Urazayev, Arystanbek"]
[WhiteFideId "4205588"]
[BlackFideId "13709810"]
[WhiteElo "2312"]
[BlackElo "2463"]
[Result "0-1"]
[Round "02"]
[TimeControl "180+1"]
[Date "2022.12.14"]
[WhiteClock "0:00:05"]
[BlackClock "0:00:55"]

1. e4 c5 2. Nf3 d6 3. d4 cxd4 4. Nxd4 Nf6 5. f3 e5 6. Nb3 a5 7. Bb5+ Bd7 8. Nc3 a4 9. Bxd7+ Nbxd7 10. Nd2 Qc7 11. O-O a3 12. Nb3 Be7 13. Kh1 O-O 14. Nb5 Qc6 15. Nxa3 b5 16. c3 d5 17. exd5 Nxd5 18. Nc2 f5 19. Ne3 N7b6 20. Nxd5 Nxd5 21. Re1 Bf6 22. Qc2 g6 23. Nd2 Kg7 24. Nf1 Rad8 25. Ne3 Nb6 26. Bd2 Rd7 27. Rad1 Rfd8 28. Bc1 Qe6 29. a3 Bh4 30. Re2 Rxd1+ 31. Nxd1 Nc4 32. Ne3 Qd7 33. g3 Bf6 34. Kg2 Qc6 35. b3 Nb6 36. Rd2 Rc8 37. Bb2 Bg5 38. Re2 Qc5 39. Nd1 Bf6 40. Bc1 Nd5 41. Bb2 h5 42. h4 f4 43. Nf2 fxg3 44. Ne4 Nf4+ 45. Kf1 Qc6 46. Rd2 Qe6 47. Kg1 Be7 48. Rg2 Qh3 49. Rxg3 Bc5+ 50. Nxc5 Qxg3+ 51. Kf1 Qxf3+ 52. Qf2 Qh3+ 53. Ke1 Rxc5 54. Qxc5 Nd3+ 55. Kd2 Nxc5 0-1


[Site "https://www.chess.com"]

[Event "Titled Tuesday Blitz December 13 Early 2022"]
[White "Mihajlov, Sebastian"]
[Black "Bacrot, Etienne"]
[WhiteFideId "1512110"]
[BlackFideId "605506"]
[WhiteElo "2464"]
[BlackElo "2667"]
[Result "1-0"]
[Round "02"]
[TimeControl "180+1"]
[Date "2022.12.14"]
[WhiteClock "0:01:00"]
[BlackClock "0:00:41"]

1. e4 c5 2. Nf3 d6 3. d4 cxd4 4. Nxd4 Nf6 5. Nc3 a6 6. f3 e5 7. Nb3 Be7 8. Be3 Be6 9. Qd2 Nbd7 10. O-O-O O-O 11. g4 b5 12. g5 b4 13. Nd5 Nxd5 14. exd5 Bf5 15. h4 a5 16. Bd3 Bxd3 17. Qxd3 Qc7 18. Kb1 Rfc8 19. h5 a4 20. Nd2 a3 21. b3 Qc3 22. Qxc3 Rxc3 23. Rhe1 Rac8 24. Nc4 g6 25. h6 Rxe3 26. Rxe3 Bxg5 27. Nxd6 Rd8 28. Re4 Bxh6 29. Rxb4 Bf8 30. Nb7 Rb8 31. Rb5 Nc5 32. Rxc5 Rxb7 33. d6 Rd7 34. Rxe5 h5 35. c4 h4 36. Red5 h3 37. c5 h2 38. Rh1 f5 39. Rxh2 Rxd6 40. cxd6 1-0


[Site "https://www.chess.com"]

[Event "Titled Tuesday Blitz December 13 Early 2022"]
[White "Mikhailovsky, Vladimir"]
[Black "Skuhala, Barbara"]
[WhiteFideId "34105414"]
[BlackFideId "14605465"]
[WhiteElo "2295"]
[BlackElo "2137"]
[Result "1-0"]
[Round "02"]
[TimeControl "180+1"]
[Date "2022.12.14"]
[WhiteClock "0:00:06"]
[BlackClock "0:00:02"]

1. e4 c5 2. Nf3 d6 3. d4 cxd4 4. Qxd4 a6 5. Bc4 e6 6. Nc3 Nf6 7. Bg5 Be7 8. O-O-O Nc6 9. Qe3 Qa5 10. h3 O-O 11. g4 b5 12. Bb3 Bb7 13. Kb1 Rac8 14. Ne2 Rfd8 15. Ng3 Qb4 16. Nh5 Nxh5 17. gxh5 Qc5 18. Qf4 a5 19. a4 Ba6 20. Rhg1 bxa4 21. Bxa4 Bb5 22. Bxb5 Qxb5 23. Bxe7 Nxe7 24. h6 Ng6 25. Qd2 Rb8 26. Qc3 e5 27. hxg7 Rdc8 28. Qa3 Qc6 29. Ne1 Qxe4 30. Rg3 Rc7 31. Rgd3 Rcb7 32. Rxd6 Kxg7 33. R6d3 a4 34. Re3 Qf5 35. Nd3 e4 36. Ne1 Nf4 37. c3 Nd3 38. Nxd3 exd3 39. Rg3+ Kh8 40. Rgxd3 Rxb2+ 41. Qxb2 Rxb2+ 42. Kxb2 1-0


[Site "https://www.chess.com"]

[Event "Titled Tuesday Blitz December 13 Early 2022"]
[White "Miller, Luke C"]
[Black "Rian, Kapriaga"]
[WhiteFideId "2096935"]
[BlackFideId "7103263"]
[WhiteElo "2493"]
[BlackElo "2263"]
[Result "1-0"]
[Round "02"]
[TimeControl "180+1"]
[Date "2022.12.14"]
[WhiteClock "0:00:05"]
[BlackClock "0:00:01"]

1. e4 c6 2. d4 d5 3. f3 e6 4. Nc3 Bb4 5. Ne2 Ne7 6. a3 Bxc3+ 7. Nxc3 b6 8. Bf4 Ba6 9. Bxa6 Nxa6 10. Qd3 Nb8 11. O-O-O Nd7 12. h4 O-O 13. h5 b5 14. g4 a5 15. a4 b4 16. Ne2 Qb6 17. Bd6 Rfe8 18. Nf4 Nc8 19. e5 Nxd6 20. exd6 c5 21. dxc5 Nxc5 22. Qd4 Qxd6 23. h6 e5 24. Qxd5 Qxd5 25. Nxd5 Rac8 26. hxg7 Kxg7 27. Rh5 Re6 28. Rdh1 h6 29. g5 Rh8 30. b3 e4 31. f4 e3 32. f5 Re5 33. f6+ Kg6 34. Nf4+ Kf5 35. Rxh6 Rg8 36. Nh3 e2 37. Re1 Rd8 38. Ng1 Rde8 39. Rh2 Rc8 40. Rhxe2 Nd3+ 41. Kd2 Nxe1 42. Rxe5+ Kxe5 43. Kxe1 Rxc2 44. Nf3+ Kf4 45. Nd2 Rc3 46. Ke2 Re3+ 47. Kf2 Rd3 48. Nc4 Rd5 49. g6 fxg6 50. f7 Rf5 51. Nxa5 1-0


[Site "https://www.chess.com"]

[Event "Titled Tuesday Blitz December 13 Early 2022"]
[White "Miszler, Levente"]
[Black "Ramu, K."]
[WhiteFideId "763276"]
[BlackFideId "5006171"]
[WhiteElo "2176"]
[BlackElo "2158"]
[Result "1-0"]
[Round "02"]
[TimeControl "180+1"]
[Date "2022.12.14"]
[WhiteClock "0:01:29"]
[BlackClock "0:00:17"]

1. Nf3 Nf6 2. c4 g6 3. g3 Bg7 4. Bg2 O-O 5. O-O d6 6. Nc3 Nc6 7. d3 e5 8. Rb1 Be6 9. b4 Qd7 10. Ng5 Rae8 11. Nxe6 fxe6 12. b5 Nd8 13. a4 Rf7 14. Ba3 Ref8 15. c5 b6 16. cxd6 cxd6 17. Rc1 Nb7 18. Ne4 Nc5 19. Nxc5 dxc5 20. Qb3 Nd5 21. Bb2 Qd6 22. Rc4 Bh6 23. Re4 Bg7 24. Qa2 g5 25. Qa1 Rf5 26. Bh3 Nf6 27. Bxf5 exf5 28. Bxe5 Nxe4 29. Bxd6 Bxa1 30. Bxf8 Kxf8 31. dxe4 Bf6 32. exf5 Ke7 33. Rd1 c4 34. e4 g4 35. Kf1 c3 36. Ke2 Be5 37. Kd3 h5 38. Rc1 Kf6 39. Rxc3 Bxc3 40. Kxc3 Ke5 41. Kd3 1-0


[Site "https://www.chess.com"]

[Event "Titled Tuesday Blitz December 13 Early 2022"]
[White "Mogirzan, Matei-Valeriu"]
[Black "Ozates, Tuna"]
[WhiteFideId "1257455"]
[BlackFideId "6354521"]
[WhiteElo "1733"]
[BlackElo "2151"]
[Result "1-0"]
[Round "02"]
[TimeControl "180+1"]
[Date "2022.12.14"]
[WhiteClock "0:00:10"]
[BlackClock "0:00:48"]

1. e4 d6 2. d4 Nf6 3. Nc3 e5 4. Nf3 Nbd7 5. Bc4 Be7 6. g4 exd4 7. Nxd4 Ne5 8. Be2 Bxg4 9. f3 Bh3 10. f4 Nfg4 11. Nf5 Bh4+ 12. Ng3 O-O 13. fxe5 Nxe5 14. Bf4 Qf6 15. Nd5 Qd8 16. Qd2 c6 17. Nc3 Qa5 18. O-O-O b5 19. Qxd6 Nc4 20. Bxc4 bxc4 21. Nf5 Bxf5 22. exf5 Bf6 23. Ne4 Bxb2+ 24. Kxb2 Rfe8 25. Nf6+ Kh8 26. Nxe8 c3+ 27. Ka1 Rxe8 28. Rhe1 Rg8 29. Be5 f6 30. Bxf6 Qxf5 31. Bxg7+ Kxg7 32. Rg1+ Kh8 33. Rxg8+ Kxg8 34. Qd8+ Kf7 35. Qd7+ Kf6 36. Qxf5+ Kxf5 37. Rd3 Ke4 38. Rxc3 Kd5 39. Rh3 c5 40. Rxh7 Kc4 41. Rxa7 Kc3 42. Rc7 c4 43. h4 Kd2 44. Rxc4 Kc1 45. Rc7 Kd1 46. Rb7 Kc1 47. a4 1-0


[Site "https://www.chess.com"]

[Event "Titled Tuesday Blitz December 13 Early 2022"]
[White "Molina Carretero, Daniel"]
[Black "Kleiman, Jake"]
[WhiteFideId "32071914"]
[BlackFideId "2020041"]
[WhiteElo "2109"]
[BlackElo "2574"]
[Result "0-1"]
[Round "02"]
[TimeControl "180+1"]
[Date "2022.12.14"]
[WhiteClock "0:00:03"]
[BlackClock "0:00:10"]

1. c4 Nf6 2. g3 e6 3. Nf3 d5 4. b3 dxc4 5. bxc4 e5 6. Nc3 e4 7. Ng5 Qd4 8. Bg2 Bf5 9. Qb3 Nbd7 10. Qxb7 Rb8 11. Qxc7 Bd6 12. Qa5 Bg6 13. O-O Qxc4 14. Ba3 Bxa3 15. Qxa3 h6 16. Nh3 Qc5 17. Qxc5 Nxc5 18. Nf4 Bf5 19. Nfd5 Nxd5 20. Nxd5 Kd7 21. Rfc1 Rhc8 22. Ne3 Be6 23. Rc2 f5 24. Rac1 Na4 25. Rxc8 Rxc8 26. Rxc8 Kxc8 27. f3 exf3 28. Bxf3 Kc7 29. Kf2 Kd6 30. a3 Kc5 31. h4 g5 32. hxg5 hxg5 33. d3 Kd4 34. g4 f4 35. Nf5+ Kc3 36. Bc6 Nb6 37. Ng7 Bxg4 38. Ne8 Kd2 39. Bf3 Bf5 40. Nd6 Bg6 41. Ne4+ Bxe4 42. Bxe4 Na4 43. d4 Nc3 44. Bf3 Nd1+ 45. Kg2 Ne3+ 46. Kh3 Nc4 47. Kg4 Ke3 48. Kxg5 Kxd4 49. Kxf4 Nxa3 50. e4 Nc4 51. Be2 Ne5 52. Kf5 a5 53. Bb5 Nf3 54. Kf4 Nh4 0-1


[Site "https://www.chess.com"]

[Event "Titled Tuesday Blitz December 13 Early 2022"]
[White "Moroni, Luca Jr"]
[Black "Ovchinnikov, Vsevolod"]
[WhiteFideId "865834"]
[BlackFideId "24176842"]
[WhiteElo "2573"]
[BlackElo "2376"]
[Result "1-0"]
[Round "02"]
[TimeControl "180+1"]
[Date "2022.12.14"]
[WhiteClock "0:00:08"]
[BlackClock "0:00:03"]

1. d4 Nf6 2. Bf4 g6 3. Nc3 d5 4. Nb5 Na6 5. e3 c6 6. Nc3 Nc7 7. h3 Bg7 8. Nf3 O-O 9. Be5 Nfe8 10. Bxg7 Nxg7 11. Be2 f6 12. e4 dxe4 13. Nxe4 Bf5 14. Ng3 Be6 15. h4 Bg4 16. c3 Qd7 17. Qd2 Nd5 18. O-O-O Qc7 19. Kb1 Rad8 20. Ka1 Qf4 21. Rhe1 Qxd2 22. Nxd2 Bxe2 23. Rxe2 Nf4 24. Rxe7 Rf7 25. Rxf7 Kxf7 26. Rg1 h5 27. Kb1 Nge6 28. Nde4 b6 29. Kc2 g5 30. Nf5 Rd5 31. Ne3 Rd8 32. g3 Nd5 33. Nf5 g4 34. Re1 Ndc7 35. a3 Rd7 36. a4 Kg6 37. Ne3 f5 38. Nd2 f4 39. Nec4 Rg7 40. Ne5+ Kh6 41. Nxc6 fxg3 42. fxg3 Rf7 43. Ne4 a5 44. Ne5 Rf8 45. Kd3 Nd5 46. Re2 Ng7 47. Rf2 Rxf2 48. Nxf2 Nf5 49. Ne4 Kg7 50. Kd2 Kf8 51. Nd3 Ke7 52. Ne1 Ke6 53. Nc2 Kd7 54. Kd3 Nc7 55. c4 Ne6 56. b3 Nc7 57. d5 Ne8 58. Ne3 Nxe3 59. Kxe3 Ke7 60. Kf4 Ng7 61. Ke5 1-0


[Site "https://www.chess.com"]

[Event "Titled Tuesday Blitz December 13 Early 2022"]
[White "Moskvin, Anatoly"]
[Black "Asavasaetakul, Chawit"]
[WhiteFideId "24199990"]
[BlackFideId "6204856"]
[WhiteElo "2104"]
[BlackElo "1919"]
[Result "0-1"]
[Round "02"]
[TimeControl "180+1"]
[Date "2022.12.14"]
[WhiteClock "0:00:19"]
[BlackClock "0:00:53"]

1. e4 d5 2. exd5 Nf6 3. c4 c6 4. Nc3 cxd5 5. cxd5 Nxd5 6. Nf3 Nc6 7. Bb5 Nb4 8. O-O a6 9. Bc4 Bf5 10. d4 Nc2 11. Be3 Nxa1 12. Qxa1 e6 13. a3 Bd6 14. d5 exd5 15. Bxd5 O-O 16. Qa2 Rc8 17. Rd1 Qf6 18. Ng5 Bb8 19. Nce4 Bxe4 20. Bxe4 h6 21. Nh7 Qe5 22. Nxf8 Qxh2+ 23. Kf1 Rxf8 24. Bxc6 bxc6 25. Rd7 Qh1+ 26. Ke2 Qxg2 27. Qc4 Be5 28. Re7 Bxb2 29. a4 Bf6 30. Qxa6 Bxe7 31. Qc4 0-1


[Site "https://www.chess.com"]

[Event "Titled Tuesday Blitz December 13 Early 2022"]
[White "Muminova, Nafisa"]
[Black "Osmak, Yuliia"]
[WhiteFideId "14201526"]
[BlackFideId "14101602"]
[WhiteElo "2258"]
[BlackElo "2328"]
[Result "0-1"]
[Round "02"]
[TimeControl "180+1"]
[Date "2022.12.14"]
[WhiteClock "0:00:04"]
[BlackClock "0:00:49"]

1. e4 c6 2. d4 d5 3. e5 Bf5 4. Nf3 e6 5. Nbd2 Nd7 6. Nb3 Ne7 7. Be2 Rc8 8. Bd2 c5 9. dxc5 Nc6 10. Bf4 Nxc5 11. c3 Be7 12. O-O O-O 13. Nbd4 Be4 14. Re1 Qb6 15. Qd2 a6 16. Bg5 Bxg5 17. Qxg5 Qxb2 18. Qe3 Na4 19. Rac1 Nxd4 20. cxd4 Rc3 21. Rxc3 Qxc3 22. Bd1 Qxe3 23. Rxe3 Nb2 24. Bb3 Rc8 25. Re1 Nd3 26. Rd1 Bxf3 27. gxf3 Nf4 28. h4 g6 29. Kf1 Rc3 30. Ke1 Rxf3 31. Rb1 b5 32. Kd2 Rd3+ 33. Kc2 Rxd4 34. Rg1 h5 35. f3 b4 36. Ba4 Rc4+ 37. Kb3 Nd3 0-1


[Site "https://www.chess.com"]

[Event "Titled Tuesday Blitz December 13 Early 2022"]
[White "Munkhgal, Gombosuren"]
[Black "Shevtchenko, Olesya"]
[WhiteFideId "4901266"]
[BlackFideId "24131890"]
[WhiteElo "2577"]
[BlackElo "2003"]
[Result "0-1"]
[Round "02"]
[TimeControl "180+1"]
[Date "2022.12.14"]
[WhiteClock "0:00:16"]
[BlackClock "0:00:45"]

1. d4 Nf6 2. c4 c5 3. d5 b5 4. cxb5 a6 5. Nc3 axb5 6. e4 b4 7. Nb5 d6 8. Bc4 g6 9. a4 Bg7 10. Qe2 O-O 11. Nf3 Bg4 12. O-O Nbd7 13. Bf4 Nh5 14. Bg3 Nxg3 15. hxg3 Ne5 16. Ra2 Nxc4 17. Qxc4 Bc8 18. b3 Ba6 19. e5 Qb6 20. Re2 Rfb8 21. exd6 exd6 22. Ng5 h6 23. Ne4 Bxb5 24. axb5 Be5 25. f4 Bd4+ 26. Kh2 Re8 27. f5 Kg7 28. f6+ Kh7 29. Rf4 Re5 30. Rh4 Rae8 31. Qc1 h5 32. Ng5+ Kg8 33. Nf3 Rxe2 34. Qh6 Bxf6 35. Rxh5 Bg7 36. Qh7+ Kf8 37. Rh4 c4 38. Rf4 Qf2 39. Nh4 Qxf4 40. gxf4 cxb3 41. Nxg6+ fxg6 42. Qxg6 b2 43. Qf5+ Kg8 44. b6 Re1 45. b7 b1=Q 46. Qc8 Rh1+ 47. Kg3 Qd3+ 48. Kg4 Qe2+ 49. Kf5 Rh5+ 50. Kg6 Rh6+ 51. Kf5 Qh5# 0-1


[Site "https://www.chess.com"]

[Event "Titled Tuesday Blitz December 13 Early 2022"]
[White "Nissinen, Niilo Man"]
[Black "Minko, Dmitry"]
[WhiteFideId "30950767"]
[BlackFideId "24188468"]
[WhiteElo "1896"]
[BlackElo "2147"]
[Result "0-1"]
[Round "02"]
[TimeControl "180+1"]
[Date "2022.12.14"]
[WhiteClock "0:00:01"]
[BlackClock "0:00:40"]

1. e4 e5 2. Nf3 Nc6 3. d4 exd4 4. Nxd4 Bc5 5. Nb3 Bb4+ 6. c3 Be7 7. Be3 Nf6 8. N1d2 d5 9. Bd3 Ne5 10. Bc2 Ng6 11. exd5 Nxd5 12. Bc5 O-O 13. O-O Bxc5 14. Nxc5 b6 15. Nce4 Bb7 16. Nf3 Qe7 17. Re1 Rad8 18. Neg5 Qf6 19. Ne4 Qe7 20. Neg5 Qc5 21. Qe2 Ndf4 22. Qe3 Qb5 23. Nxh7 Rfe8 24. Bd3 Nxd3 25. Qg5 Rxe1+ 26. Rxe1 Qxg5 0-1


[Site "https://www.chess.com"]

[Event "Titled Tuesday Blitz December 13 Early 2022"]
[White "Odegov, Artem"]
[Black "Paravyan, David"]
[WhiteFideId "34183644"]
[BlackFideId "4194985"]
[WhiteElo "2300"]
[BlackElo "2551"]
[Result "1/2-1/2"]
[Round "02"]
[TimeControl "180+1"]
[Date "2022.12.13"]
[WhiteClock "0:00:23"]
[BlackClock "0:00:54"]

1. d4 Nf6 2. c4 g6 3. Nc3 d5 4. cxd5 Nxd5 5. e4 Nxc3 6. bxc3 Bg7 7. Bc4 c5 8. Ne2 Nc6 9. Be3 O-O 10. O-O e6 11. Rb1 b6 12. dxc5 Ne5 13. Bb5 Qc7 14. cxb6 axb6 15. Qb3 Ng4 16. Bf4 Be5 17. Bxe5 Qxe5 18. Ng3 Bb7 19. Be2 Nf6 20. f3 h5 21. Rfd1 h4 22. Nf1 Nh5 23. Qb5 Qxb5 24. Rxb5 Nf4 25. Bc4 Ba6 26. Rb4 Bxc4 27. Rxc4 Rxa2 28. Rd2 Rfa8 29. g3 Rxd2 30. Nxd2 Ra2 31. gxf4 Rxd2 32. h3 Rb2 33. Rb4 Rc2 34. Rxb6 Rxc3 35. Kg2 Rc2+ 36. Kg1 Kg7 37. Rb7 Re2 38. Rc7 Rb2 39. Rd7 Kf8 40. Rc7 Rb4 41. Ra7 f5 42. Ra6 Kf7 43. Ra7+ Kf8 44. Ra6 fxe4 45. Rxe6 exf3 46. Rxg6 Rxf4 47. Kf2 Kf7 48. Rg4 Rxg4 49. hxg4 Kg6 50. Kxf3 Kg5 51. Kg2 Kxg4 52. Kh2 h3 53. Kh1 Kg3 54. Kg1 h2+ 55. Kh1 Kh3 1/2-1/2


[Site "https://www.chess.com"]

[Event "Titled Tuesday Blitz December 13 Early 2022"]
[White "Omelja, Artem"]
[Black "Ohanyan, Emin"]
[WhiteFideId "14119846"]
[BlackFideId "13312022"]
[WhiteElo "2404"]
[BlackElo "2352"]
[Result "0-1"]
[Round "02"]
[TimeControl "180+1"]
[Date "2022.12.14"]
[WhiteClock "0:00:27"]
[BlackClock "0:00:48"]

1. e4 e5 2. Nf3 Nc6 3. Nc3 Nf6 4. d4 exd4 5. Nxd4 Nxe4 6. Nxe4 Qe7 7. f3 Qd8 8. Nxc6 bxc6 9. Bd3 d5 10. Nf2 Bd6 11. Qe2+ Be6 12. Bd2 O-O 13. O-O-O c5 14. c4 c6 15. Bc3 Qb6 16. Qc2 h6 17. g3 a5 18. Ng4 d4 19. Bd2 a4 20. a3 Rfb8 21. Rde1 Rb7 22. Kb1 Rab8 23. Bc1 Qc7 24. Ka1 Rb3 25. Bf5 Bxf5 26. Qxf5 Qb7 27. Rd1 Rxb2 28. Nxh6+ gxh6 29. Bxh6 Ra2+ 0-1


[Site "https://www.chess.com"]